 Dungeon Crawl Stone Soup version 0.29.1-2-gbd0b4ee654 (webtiles) character file.

Game seed: 3520447026246753586

318 qeuew the Slasher (level 6, -10/49 HPs)
             Began as a Demonspawn Gladiator on Nov 3, 2022.
             Killed from afar by a hellion (15 damage)
             ... with damnation
             ... on level 1 of the Abyss.
             The game lasted 00:04:36 (3258 turns).

qeuew the Slasher (Demonspawn Gladiator)            Turns: 3258, Time: 00:04:36

Health: -10/49     AC:  8    Str: 15    XL:     6   Next: 21%
Magic:  6/6        EV: 12    Int:  9    God:
Gold:   223        SH:  4    Dex: 16    Spells: 5/5 levels left

rFire   . . .      SeeInvis .   f - +1 scimitar (protect)
rCold   . . .      Faith    .   (no shield)
rNeg    . . .      Spirit   .   j - +0 ring mail
rPois   .          Reflect  .   (helmet restricted)
rElec   .          Harm     .   (no cloak)
rCorr   .          Rampage  .   b - +0 pair of gloves
Will    .....                   (no boots)
Stlth   +.........              (no amulet)
HPRegen 0.16/turn               (no ring)
MPRegen 0.10/turn               (no ring)

@: hasted, unable to read, very quick
A: rugged brown scales 2, condensation shield, horns 1, inability to read after
injury 1
a: no special abilities


You were on level 1 of the Abyss.
You visited 1 branch of the dungeon, and saw 4 of its levels.
You visited the Abyss 1 time.

You collected 223 gold pieces.

Inventory:

Hand Weapons
 f - a +1 scimitar of protection (weapon)
Missiles
 d - 3 throwing nets (quivered)
 e - a javelin
Armour
 b - a +0 pair of gloves (worn)
 j - a +0 ring mail (worn)
Jewellery
 o - a ring of magical power
Wands
 g - a wand of flame (20)
 k - a wand of charming (1)
Scrolls
 c - a scroll of noise {unknown}
 i - 5 scrolls of teleportation
 n - a scroll of silence
Potions
 a - a potion of ambrosia
 h - a potion of degeneration {unknown}
 l - a potion of heal wounds


   Skills:
 + Level 3.0 Fighting
 + Level 4.5 Long Blades
 + Level 2.0 Throwing
 * Level 2.4 Armour
 + Level 3.5 Dodging
 + Level 0.3 Stealth
 + Level 0.4 Shields


You had 5 spell levels left.
You didn't know any spells.
Your spell library contained the following spells:

 Spells                   Type           Power      Damage    Failure   Level
 Shock                    Conj/Air       0%         1d3       61%         1
 Swiftness                Air            0%         N/A       93%         3
 Airstrike                Air            0%         2d(0-16)  100%        4


Dungeon Overview and Level Annotations

Branches:
Dungeon (4/15)
 Temple: D:4-7

Altars:
Qazlal
Ru

Shops:
D:3 [


Innate Abilities, Weirdness & Mutations

You are mostly covered in rugged brown scales. (AC +2, +5% HP)
A meltable shield of frost defends you. (SH +4)
You have a pair of small horns on your head.
You occasionally lose the ability to read scrolls when taking damage.


Message History

Your headbutt misses the orc.
The orc is moderately wounded.
An orc comes into view. It is wielding a +0 whip.
The orc hits you but does no damage.
You hit the orc but do no damage. Your headbutt misses the orc.
The orc is moderately wounded.
You block the orc's attack.
You slash the orc!
You kill the orc!
The orc hits you but does no damage. Space warps horribly around you!
The orc barely misses you.
Things that are here:
a +0 mace; a scroll labelled HYTWUI MOIKLOF; an orc corpse You barely miss the orc.
The orc hits you with a +1 whip of distortion.
You are cast into the Abyss!
This branch contains the abyssal rune of Zot.
Found a corrupted altar of Lugonu.
Found a gateway leading deeper into the Abyss.
Found a gateway leading deeper into the Abyss.
There is a gateway leading deeper into the Abyss here.
A hellion comes into view.
A hellion is nearby!
The hellion gives a hideous shriek!
Something shouts, "Crawl home, thou surly knotty-pated nightsoil!"
A white imp comes into view.
The white imp shouts, "Go and return not, thou impertinent pigeon-egg pigeon-egg!"
A green very ugly thing comes into view.
Welcome back, qeuew the Demonspawn Gladiator.
Press ? for a list of commands and other information.
You feel yourself speed up. The hellion hits you! The hellion gestures at you.
The sphere of damnation explodes!
The damnation engulfs you!!
Ouch! That really hurt!
* * * LOW HITPOINT WARNING * * *
The hellion gestures at you.
The sphere of damnation explodes!
The damnation engulfs you!
You feel threatened and lose the ability to read scrolls!
You die...

. #. .### ... #
.. .# .##
.###..# ...
#...#
#..#####@# . #
#..#.#.# ..#
..##.....##..#
#
.#.....#.....#.
#.......#####.#
. ###....2##.##
# #. ###
##......# ..#
#...#.2..##
.###.##...##


You could see a hellion.

Vanquished Creatures
  An orc priest (D:3)
  Crazy Yiuf (D:2)
  Jessica (D:2)
  Natasha (thrice) (D:2)
  Terence (D:3)
  Ijyb (D:3)
  5 adders
  A worm (D:3)
  2 dart slugs (D:1)
  8 orcs
  An endoplasm (D:3)
  4 giant cockroaches
  3 hobgoblins
  A quokka (D:2)
  5 ball pythons
  4 bats
  A frilled lizard (D:1)
  2 goblins
  24 rats
69 creatures vanquished.

Notes
Turn   | Place    | Note
-------+----------+-------------------------------------------
     0 | D:1      | qeuew the Demonspawn Gladiator began the quest for the Orb.
     0 | D:1      | Reached XP level 1. HP: 16/16 MP: 1/1
   236 | D:1      | Reached skill level 3 in Long Blades
   236 | D:1      | Gained mutation: You are partially covered in rugged brown
                  | scales. (AC +1, +3% HP) [demonic ancestry]
   236 | D:1      | Reached XP level 2. HP: 5/22 MP: 2/2
   944 | D:2      | Found a faded altar of an unknown god.
   961 | D:2      | Gained mutation: You are mostly covered in rugged brown
                  | scales. (AC +2, +5% HP) [demonic ancestry]
   961 | D:2      | Reached XP level 3. HP: 22/28 MP: 3/3
  1044 | D:2      | Noticed Natasha
  1053 | D:2      | Killed Natasha
  1054 | D:2      | Reached skill level 1 in Armour
  1171 | D:2      | Noticed Natasha
  1177 | D:2      | Killed Natasha
  1178 | D:2      | Gained mutation: A meltable shield of frost defends you.
                  | (SH +4) [demonic ancestry]
  1178 | D:2      | Reached XP level 4. HP: 14/34 MP: 4/4
  1397 | D:2      | Noticed Jessica
  1401 | D:2      | Killed Jessica
  1454 | D:2      | Found a runed translucent door.
  1455 | D:2      | Noticed Crazy Yiuf
  1621 | D:2      | Noticed Natasha
  1638 | D:2      | Killed Natasha
  1639 | D:2      | Reached XP level 5. HP: 29/40 MP: 5/5
  1868 | D:2      | Killed Crazy Yiuf
  1872 | D:2      | Gained mutation: You have a pair of small horns on your
                  | head. [potion of mutation]
  1872 | D:2      | Gained mutation: You occasionally lose the ability to read
                  | scrolls when taking damage. [potion of mutation]
  1970 | D:3      | Found a sacrificial altar of Ru.
  2121 | D:3      | Reached skill level 4 in Long Blades
  2307 | D:3      | Found a stormy altar of Qazlal.
  2322 | D:3      | Noticed Ijyb
  2339 | D:3      | Killed Ijyb
  2601 | D:3      | Found Bimuynab's Armour Emporium.
  2618 | D:3      | Reached XP level 6. HP: 48/48 MP: 6/6
  2750 | D:3      | Noticed Terence
  2756 | D:3      | Killed Terence
  3201 | Abyss:1  | Cast into level 1 of the Abyss (orc)
  3219 | Abyss:1  | Found a corrupted altar of Lugonu.
  3238 | Abyss:1  | Noticed a hellion
  3245 | Abyss:1  | Noticed a green very ugly thing
  3258 | Abyss:1  | Killed from afar by a hellion

Illustrated notes

Levels and vault maps discovered:
D:1:      minmay_arrival_wavy_path, layout_rooms
D:2:      layout_basic, basic_ecumenical_altar, minmay_rat_hole, uniq_jessica,
          uniq_crazy_yiuf_cottage, uniq_natasha
D:3:      layout_loops_ring, nicolae_ru_path_of_blood,
          mainiacjoe_overflow_concentric_impassable, serial_shops, shop,
          uniq_ijyb, uniq_terence
D:4:      layout_rooms, minmay_ruptured
Abyss:1:  base: D:3, hangedman_decor_points, hangedman_steaming_rock, base:
D:3

Skill      XL: |  1  2  3  4  5  6 |
---------------+-------------------+-----
Long Blades    | 3 4 |  4.5
Dodging        | 3 |  3.5
Throwing       | 2 |  2.0
Armour         | 1 2 |  2.4
Fighting       | 3 |  3.0
Stealth        | |  0.3
Shields        | |  0.4

Action                   |  1- 3 |  4- 6 || total
-------------------------+-------+-------++-------
Melee: Scimitar          |    58 |   141 ||   199
       Long sword        |     2 |       ||     2
       Punch             |     1 |       ||     1
       Headbutt          |       |    12 ||    12
Throw: Throwing net      |       |     1 ||     1
  Use: Scroll            |     5 |     6 ||    11
       Potion            |     1 |     3 ||     4
Armor: Leather armour    |     6 |       ||     6
       Ring mail         |    35 |    62 ||    97
Dodge: Dodged            |    49 |    86 ||   135
Block: Other             |       |    17 ||    17
